 Dungeon Crawl Stone Soup version 0.29-a0-284-gf9362112df (webtiles) character file.

Game seed: 14465277670710189930

56 Dabor the Skirmisher (level 4, -4/37 HPs)
             Began as a Formicid Abyssal Knight on Mar 15, 2022.
             Was a Believer of Lugonu.
             Slain by a gnoll
             ... wielding a +0 flail
              (6 damage)
             ... on level 2 of the Dungeon.
             The game lasted 00:01:42 (1444 turns).

Dabor the Skirmisher (Formicid Abyssal Knight)      Turns: 1444, Time: 00:01:43

Health: -4/37      AC:  5    Str: 19    XL:     4   Next: 17%
Magic:  6/6        EV:  6    Int: 10    God:    Lugonu [**....]
Gold:   57         SH:  0    Dex: 11    Spells: 3/3 levels left

rFire   . . .      SeeInvis +   a - +2 spear
rCold   . . .      Faith    .   (no shield)
rNeg    . . .      Spirit   .   k - +0 ring mail
rPois   .          Reflect  .   (helmet unavailable)
rElec   .          Harm     .   (no cloak)
rCorr   .          Rampage  .   (no gloves)
Will    .....                   (no boots)
Stlth   +.........              f - amulet of the acrobat
HPRegen 0.12/turn               (no ring)
MPRegen 0.10/turn               (no ring)

@: held
A: permanent stasis, dig shafts and tunnels, antennae 3, four strong arms
a: Dig, Shaft Self, Renounce Religion, Depart the Abyss, Bend Space


You were on level 2 of the Dungeon.
You worshipped Lugonu.
Lugonu was pleased with you.
You visited 1 branch of the dungeon, and saw 3 of its levels.
You visited the Abyss 1 time.

You collected 57 gold pieces.

Inventory:

Hand Weapons
 a - a +2 spear (weapon)
Armour
 b - a +0 leather armour
 k - a +0 ring mail (worn)
Jewellery
 f - an amulet of the acrobat (around neck)
Scrolls
 e - a scroll of brand weapon
 h - a scroll of enchant weapon
 j - a scroll of summoning {unknown}
Potions
 c - 2 potions of cancellation {unknown}


   Skills:
 + Level 3.7 Fighting
 + Level 2.5 Polearms
 + Level 2.8 Armour
 + Level 1.5 Dodging
 + Level 2.9 Invocations


You had 3 spell levels left.
You didn't know any spells.
Your spell library was empty.

Dungeon Overview and Level Annotations

Branches:
Dungeon (3/15)

Altars:


Innate Abilities, Weirdness & Mutations

You cannot be hasted, slowed, berserked, paralysed or teleported.
You can dig through walls and to a lower floor.
You have a pair of large antennae on your head. (SInv)
Your four strong arms can wield two-handed weapons with a shield.


Message History

You hit the gnoll.
You kill the gnoll!
Lugonu accepts your kill.
You have reached level 4!
You feel clever.
You start resting.
HP restored.
You can't go down here!
You climb upwards.
The gnoll barely misses you.
There is a stone staircase leading down here.
The gnoll throws a throwing net.
The throwing net hits you.
You become entangled in the net!
You stop descending the stairs.
The gnoll hits you with a +0 flail!
The gnoll hits you from afar with a +0 spear.
The gnoll closely misses you. The gnoll hits you with a +0 flail.
As you read the scroll labelled LOKHAQO TOTIUP, it crumbles to dust.
It is a scroll of enchant weapon.
Your +1 spear glows red for a moment.
The gnoll hits you with a +0 club. The gnoll hits you with a +0 flail!
* * * LOW HITPOINT WARNING * * *
The gnoll hits you from afar with a +0 spear.
* * * LOW HITPOINT WARNING * * *
As you read the scroll labelled ZAAXIM JITOBOQ, it crumbles to dust.
It is a scroll of identify.
e - a scroll of brand weapon The gnoll hits you from afar with a +0 spear.
* * * LOW HITPOINT WARNING * * *
The gnoll closely misses you. x2
An endoplasm comes into view.
As you read the scroll labelled FAULUCLEIGA, it crumbles to dust.
You feel a strange sense of stasis.
It was a scroll of teleportation.
The gnoll completely misses you. The gnoll hits you but does no damage.
The gnoll hits you with a +0 flail.
* * * LOW HITPOINT WARNING * * *
As you read the scroll labelled KUERPH DUKONOLE, it crumbles to dust.
Your stasis prevents you from teleporting.
It was a scroll of blinking.
The gnoll hits you with a +0 club.
* * * LOW HITPOINT WARNING * * *
The gnoll hits you with a +0 flail.
You die...

. #.#
....######.....
.....gg@.......
..#....g.#.####
..J....#.#
..####. .. # #.
##. ## .# #


You could see 3 gnolls and an endoplasm.

Vanquished Creatures
  An orc wizard (D:3)
  A gnoll (D:3)
  A dart slug (D:1)
  4 orcs (D:3)
  A bat (D:2)
  An endoplasm (D:1)
  A hobgoblin (D:1)
  A frilled lizard (D:2)
  A goblin (D:1)
  4 kobolds (D:1)
  A rat (D:2)
17 creatures vanquished.

Notes
Turn   | Place    | Note
-------+----------+-------------------------------------------
     0 | Abyss:1  | Dabor the Formicid Abyssal Knight began the quest for the
                  | Orb.
     0 | Abyss:1  | Reached XP level 1. HP: 18/18 MP: 2/2
     0 | D:1      | Escaped the Abyss
   257 | D:1      | Reached skill level 1 in Dodging
   377 | D:1      | Reached XP level 2. HP: 24/24 MP: 3/3
   640 | D:1      | Reached ** piety under Lugonu
  1216 | D:2      | You fall into a shaft and drop 1 floor!
  1241 | D:3      | Reached XP level 3. HP: 28/30 MP: 3/5
  1376 | D:3      | Reached XP level 4. HP: 29/37 MP: 6/6
  1444 | D:2      | Slain by a gnoll

Illustrated notes

Levels and vault maps discovered:
D:1:      nicolae_arrival_somewhat_less_tricky_arrival, layout_basic
D:2:      layout_basic, dreamdust_ecumenical_altar_grove,
          minmay_increasing_density
D:3:      layout_basic, nicolae_overflow_hidden_temple,
          wander_ebering_terrifying_dragon_lair

Skill      XL: |  1 |
---------------+----+-----
Dodging        | 1 |  1.5
Fighting       | |  3.7
Polearms       | |  2.5
Armour         | |  2.8
Invocations    | |  2.9

Action                   |  1- 3 |  4- 6 || total
-------------------------+-------+-------++-------
Melee: Spear             |    74 |       ||    74
Invok: Depart the Abyss  |     1 |       ||     1
  Use: Scroll            |       |     4 ||     4
 Stab: Distracted        |     1 |       ||     1
Armor: Ring mail         |     9 |     1 ||    10
       Leather armour    |     1 |       ||     1
Dodge: Dodged            |    34 |     5 ||    39

Table legend: (Time is in decaauts)
 A = Elapsed time spent in this place.
 B = Non-inter-level travel time spent in this place.
 C = Inter-level travel time spent in this place.
 D = Time resting spent in this place.
 E = Time spent auto-exploring this place.
 F = Levels seen in this place.
 G = Mean time per level.
                   A        B        C        D        E       F      G
               +--------+--------+--------+--------+--------+-----+--------+
         Total |   1444 |   1389 |     55 |    168 |   1047 |   4 |  361.0 |
       Dungeon |   1444 |   1389 |     55 |    168 |   1047 |   3 |  481.3 |
         Abyss |      0 |      0 |      0 |      0 |      0 |   1 |    0.0 |
               +--------+--------+--------+--------+--------+-----+--------+

Top non-repeatable levels by time:
     D:1: 1043 daAuts
     D:3: 217 daAuts
     D:2: 182 daAuts
